 Dungeon Crawl Stone Soup version 0.25-a0-294-gea9b1ad378 (webtiles) character file.

Game seed: 10871185826146436124, levelgen mode: deterministic

86 CheeseeCupcake the Cudgeler (level 4, -1/28 HPs)
             Began as a Gargoyle Fighter on Dec 16, 2019.
             Slain by Sigmund
             ... wielding a +0 scythe
              (5 damage)
             ... on level 3 of the Dungeon.
             The game lasted 00:04:15 (1887 turns).

CheeseeCupcake the Cudgeler (Gargoyle Fighter)      Turns: 1887, Time: 00:04:16

Health: -1/28      AC: 11    Str: 20    XL:     4   Next: 50%
Magic:  4/4        EV:  7    Int:  9    God:
Gold:   105        SH:  9    Dex:  9    Spells: 3/3 levels left

rFire    . . .     SeeInvis .   a - +0 flail
rCold    . . .     Gourm    .   c - +0 shield
rNeg     + . .     Faith    .   b - +0 scale mail
rPois    ∞         Spirit   .   (no helmet)
rElec    +         Reflect  .   (no cloak)
rCorr    .         Harm     .   (no gloves)
MR       .....                  e - +0 pair of boots
Stlth    ..........             (no amulet)
HPRegen  0.09/turn              (no ring)
MPRegen  0.09/turn              (no ring)

@: no status effects
A: negative energy resistance 1, electricity resistance, unbreathing,
petrification resistance, rot immunity, AC +3
a: no special abilities


You were on level 3 of the Dungeon.
You were not hungry.

You visited 1 branch of the dungeon, and saw 3 of its levels.

You collected 105 gold pieces.

Inventory:

Hand Weapons
 a - a +0 flail (weapon)
Armour
 b - a +0 scale mail (worn)
 c - a +0 shield (worn)
 e - a +0 pair of boots (worn)
Jewellery
 h - an uncursed ring of fire {unknown}
 o - an uncursed ring of flight {unknown}
 q - an uncursed amulet of regeneration {unknown}
Scrolls
 g - a scroll of enchant weapon {unknown}
 i - a scroll of teleportation {unknown}
 k - 2 scrolls of identify {unknown}
 l - a scroll of blinking {unknown}
 p - a scroll of random uselessness {unknown}
 r - 2 scrolls of enchant armour {unknown}
 t - 2 scrolls of amnesia {unknown}
Potions
 d - a potion of might
 j - 2 potions of curing {unknown}
 m - 2 potions of flight {unknown}
 n - a potion of degeneration {unknown}
Comestibles
 f - 8 rations


   Skills:
 - Level 3.2 Fighting
 * Level 4.6 Maces & Flails
 - Level 3.2 Armour
 - Level 3.2 Shields


You had 3 spell levels left.
You didn't know any spells.
Your spell library was empty.

Dungeon Overview and Level Annotations

Branches:
Dungeon (3/15)

Altars:
Cheibriados
Dithmenos
Makhleb
Uskayaw
Wu Jian

Annotations:
D:3 Sigmund


Innate Abilities, Weirdness & Mutations

You are resistant to torment.
Your stone body is resilient. (AC +3)
You are immune to poison.
You resist negative energy. (rN+)
You are resistant to electric shocks. (rElec)
You can survive without breathing.
You are immune to petrification.
You are immune to rotting.


Message History

* * * LOW HITPOINT WARNING * * *
You sock Sigmund!
Sigmund is moderately wounded.
Sigmund casts a spell at you. You resist with some effort.
You sock Sigmund!
Sigmund is severely wounded.
Sigmund zaps a wand.
You resist with some effort.
You closely miss Sigmund.
Sigmund is severely wounded.
Sigmund casts a spell at you. The puff of flame hits you.
* * * LOW HITPOINT WARNING * * *
You hit Sigmund.
Sigmund is severely wounded.
Sigmund barely misses you.
You closely miss Sigmund.
Sigmund is severely wounded.
Sigmund hits you with a +0 scythe.
You die...

......†..# #.#######.#
############## #.........#
.(...........# #########.#
###### #.#
##############.# #.#
#..............# #.#
#.############.#
############.###.# #####
#.# ..........)....@.#
#...####.#
######.##.##(###@#
###.....<..#
#.##(##.###.###.......##.#
#.##....................[#
#.#####.....###.......####
#.# #####.#####...### #.#
#.........# #.#
#.######### ...# ###.#


You could see Sigmund.

Vanquished Creatures
  4 adders
  An ooze (D:3)
  2 worms
  A dart slug (D:1)
  2 giant cockroaches
  5 goblins
  6 hobgoblins
  6 kobolds
  6 bats
  3 frilled lizards
  6 rats
42 creatures vanquished.

Notes
Turn   | Place    | Note
-------+----------+-------------------------------------------
     0 | D:1      | CheeseeCupcake the Gargoyle Fighter began the quest for the
                  | Orb.
     0 | D:1      | Reached XP level 1. HP: 14/14 MP: 1/1
   230 | D:1      | Reached XP level 2. HP: 16/19 MP: 2/2
   341 | D:1      | Reached skill level 3 in Maces & Flails
   856 | D:2      | Found a snail-covered altar of Cheibriados.
   864 | D:2      | Found a shadowy altar of Dithmenos.
   867 | D:2      | Found an ornate altar of the Wu Jian Council.
   868 | D:2      | Found a hide-covered altar of Uskayaw.
   869 | D:2      | Found a burning altar of Makhleb.
  1081 | D:2      | Reached XP level 3. HP: 23/23 MP: 3/3
  1461 | D:3      | Reached skill level 4 in Maces & Flails
  1583 | D:3      | Reached XP level 4. HP: 28/28 MP: 4/4
  1825 | D:3      | Noticed Sigmund
  1887 | D:3      | Slain by Sigmund

Levels and vault maps discovered:
D:1:      lightli_arrival_windingriver, layout_loops_ring, serial_forest,
          infiniplex_forest_lined_room_3, infiniplex_forest_clump_medium,
          infiniplex_forest_lined_3, infiniplex_forest_straight_3,
          infiniplex_forest_end_2, infiniplex_forest_lined_room_3,
          hangedman_decor_slide_cut, st_stairs_7, minivault_23,
          minmay_misc_feat_five, kennysheep_pointless_box
D:2:      layout_loops_ring, grunt_temple_overflow_open, first_ration
D:3:      layout_loops_ring, nemelex_xobeh_ov_fountains_minmay, uniq_sigmund

Skill      XL: |  1  2  3 |
---------------+----------+-----
Maces & Flails | 3 4 |  4.6
Fighting       | |  3.2
Armour         | |  3.2
Shields        | |  3.2

Action                   |  1- 3 |  4- 6 || total
-------------------------+-------+-------++-------
Melee: Flail             |    97 |    73 ||   170
  Eat: Chunk             |     2 |     1 ||     3
Armor: Scale mail        |    53 |    26 ||    79
       Skin              |       |     4 ||     4
Dodge: Dodged            |    25 |    36 ||    61
Block: Shield            |    47 |    22 ||    69

Table legend:
 A = Non-vault XP
 B = Vault XP
 C = Vault XP percentage of total XP
 D = Non-vault monster count
 E = Vault monster count
 F = Vault count percentage of total count
                 A         B        C        D         E       F
            +---------+---------+-------+---------+---------+-------
      Total |     123 |       1 |   0.8 |      41 |       1 |   2.4
            +---------+---------+-------+---------+---------+-------
        D:1 |      19 |       1 |   5.0 |      11 |       1 |   8.3
        D:2 |      35 |       0 |   0.0 |      13 |       0 |   0.0
        D:3 |      69 |       0 |   0.0 |      17 |       0 |   0.0
            +---------+---------+-------+---------+---------+-------
